Map: Ley Lines

Players

JuanDK - Winner!

  • Race: Terran Terran
  • League: Platinum
  • Spawn Location: 7:00

ManlyManMeat

  • Race: Terran Terran
  • League: Master
  • Spawn Location: 1:00

VOD

Have the link to the VOD?

Description

Time

  • Played on: June 8, 2025, 3:52 p.m.
  • Length: 16:12
Show
View Real Time Build Order
Export as new Build Order

JuanDK Terran - Winner!

Build Orders:  

Get SALT Encoding   

  12  0:00  SCV  
  13  0:14  Supply Depot  
  13  0:16  SCV  
  14  0:28  SCV  
  15  0:39  Barracks  
  15  0:42  Refinery  
  15  0:45  SCV  
  16  0:58  SCV  
  16  0:59  Supply Depot  
  17  1:10  SCV  
  18  1:22  SCV  
  19  1:27  Reaper  
  20  1:34  SCV  
  21  1:42  Refinery  
  21  1:51  Orbital Command  
  21  2:07  Barracks Reactor  
  21  2:18  Command Center  
  21  2:23  Factory  
  21  2:25  SCV  
  22  2:38  SCV  
  23  2:50  SCV  
  24  2:55  Marine x2  
  24  2:56  Barracks  
  26  3:02  SCV, Supply Depot  
  27  3:07  Factory Tech Lab  
  27  3:24  Marine x2  
  29  3:27  SCV  
  30  3:36  Orbital Command  
  30  3:39  SCV  
  30  3:40  Siege Tank  
  34  3:42  Marine x2  
  36  3:50  Barracks Tech Lab  
  36  3:53  Starport  
  36  3:57  Barracks  
  36  4:09  SCV x2  
  38  4:13  Marine x2  
  38  4:14  Combat Shield  
  40  4:21  SCV  
  41  4:34  Liberator  
  44  4:41  Marine x3  
  44  4:43  SCV x2  
  49  4:50  Refinery  
  49  4:55  SCV  
  49  4:56  Barracks Tech Lab  
  49  4:57  Starport  
  49  4:58  Siege Tank  
  51  5:33  Viking  
  49  6:03  Viking, Marine  
  49  6:04  Marauder  
  54  6:18  Refinery  
  54  6:38  Barracks  
  54  6:39  Barracks  
  54  7:17  SCV  
  54  7:18  Marauder  
  54  7:51  SCV  
  54  8:13  Barracks Reactor, Barracks Tech Lab  
  54  8:19  Supply Depot  
  54  8:23  Starport Tech Lab x2  
  54  8:27  Marine x2  
  54  8:28  Marauder x2, SCV x2, Supply Depot  
  54  8:30  Supply Depot  
  62  8:41  Marauder, Stimpack, SCV  
  65  8:43  Supply Depot  
  65  8:45  Marine x2  
  60  8:49  Marauder, Marine  
  62  9:02  Marauder  
  64  9:03  Marine x2  
  64  9:07  Marauder  
  68  9:11  Marauder, Marine x2  
  72  9:21  Marine x2  
  72  9:23  Marine  
  72  9:29  Marauder  
  73  9:32  Marauder  
  73  9:35  Banshee x2  
  73  9:36  Cloaking Field  
  74  9:41  Marine  
  74  9:44  Engineering Bay  
  74  9:45  Engineering Bay  
  72  9:57  Command Center  
  72  10:04  Marine x3  
  72  10:05  Marine x2  
  77  10:18  Banshee  
  78  10:44  Hyperflight Rotors  
  54  11:03  Banshee x2  
  58  11:06  Terran Infantry Weapons Level 1, Terran Infantry Armor Level 1  
  58  11:07  Marauder x3, Marine x4  
  68  11:12  Planetary Fortress  
  68  11:15  Missile Turret  
  68  11:25  Marine  
  66  11:28  Marauder  
  65  11:35  SCV  
  65  11:36  SCV  
  67  11:41  Missile Turret  
  67  11:45  Missile Turret  
  64  11:48  SCV x2  
  64  11:49  Siege Tank  
  69  11:55  Missile Turret  
  69  12:00  SCV x2  
  71  12:05  Missile Turret  
  71  12:06  Missile Turret  
  70  12:21  Siege Tank  
  72  12:34  Marauder, Refinery, Marine  
  72  12:35  Marauder x2, Refinery, Marine x3  
  82  12:46  SCV x2  
  84  12:52  Marine x2  
  84  12:53  Siege Tank, Marine x2, Supply Depot x2  
  84  12:55  Marine  
  84  12:56  Marauder  
  84  12:58  SCV x2  
  96  13:10  SCV x2  
  96  13:11  Marauder, Marine x4  
  104  13:14  Marauder  
  104  13:17  Marine  
  107  13:22  SCV x2  
  107  13:25  Siege Tank  
  109  13:29  Marine x4  
  113  13:34  SCV  
  113  13:35  Marauder x2, Marine  
  116  13:43  Factory  
  116  13:46  Marine x2  
  116  13:47  Marine  
  119  13:49  Command Center  
  119  13:51  SCV x2  
  121  13:57  Missile Turret  
  118  14:03  SCV x2  
  118  14:09  Fusion Core  
  120  14:12  Command Center  
  120  14:18  Armory  
  120  14:28  Liberator  
  123  14:36  Missile Turret  
  123  14:40  Supply Depot  
  123  14:45  Supply Depot  
  123  15:00  Liberator  
  126  15:07  Armory  
  114  15:24  Marauder x2, Marine x2  
  120  15:29  Medivac  
  122  15:49  Marauder, Marine x2  
  127  15:50  Marauder  
Show
View Real Time Build Order
Export as new Build Order

ManlyManMeat Terran 

Build Orders: Reaper Expand 

Get SALT Encoding   

  12  0:00  SCV  
  13  0:12  SCV  
  14  0:17  Supply Depot  
  14  0:24  SCV  
  15  0:39  SCV  
  15  0:40  Barracks  
  16  0:44  Refinery  
  16  0:51  SCV  
  17  1:03  SCV  
  18  1:15  SCV  
  19  1:34  Command Center  
  19  1:38  Reaper  
  20  1:43  Orbital Command  
  20  2:02  Supply Depot  
  19  2:10  SCV, Marine  
  21  2:24  SCV  
  21  2:27  Marine  
  21  2:29  Barracks  
  23  2:34  Factory  
  23  2:36  SCV  
  23  2:51  Orbital Command  
  23  2:53  SCV  
  23  2:55  Barracks Reactor  
  24  3:03  Supply Depot  
  24  3:05  SCV  
  25  3:17  SCV  
  25  3:18  SCV  
  27  3:23  Factory Reactor  
  27  3:24  Factory Tech Lab  
  27  3:27  Supply Depot  
  27  3:29  SCV  
  27  3:30  SCV  
  29  3:35  Marine x2  
  32  3:41  SCV  
  32  3:42  SCV  
  32  3:45  Refinery  
  32  3:47  Starport  
  33  3:53  Marine x2  
  35  4:03  SCV  
  35  4:04  SCV  
  37  4:10  Siege Tank  
  37  4:15  SCV  
  37  4:17  SCV  
  42  4:27  SCV  
  42  4:28  Viking  
  42  4:29  SCV  
  46  4:35  Refinery  
  46  4:36  Refinery  
  46  4:39  SCV, Engineering Bay  
  46  4:41  SCV  
  46  4:43  Marine x3, Supply Depot  
  51  4:51  SCV  
  52  4:58  Supply Depot  
  52  5:01  Marine x2  
  52  5:02  Command Center  
  52  5:05  Engineering Bay  
  52  5:06  SCV x2  
  56  5:11  Siege Tank  
  60  5:18  SCV x2  
  60  5:19  Marine  
  60  5:21  Barracks  
  60  5:22  Barracks Tech Lab  
  54  5:39  Medivac  
  54  5:41  Marine x2  
  54  5:43  Siege Tank  
  54  6:03  Stimpack  
  54  6:07  Marine x2  
  54  6:09  Medivac  
  53  6:28  Marine x3  
  56  6:35  Orbital Command  
  56  6:36  Barracks Reactor  
  56  6:37  Barracks  
  56  6:38  SCV x2  
  58  6:41  Barracks  
  58  6:50  SCV x2  
  58  6:59  Siege Tank  
  61  7:02  SCV  
  60  7:12  SCV  
  60  7:13  Medivac, SCV  
  60  7:15  Marine x4  
  66  7:16  Marine  
  66  7:52  Marine x5  
  66  7:57  Viking  
  66  7:58  Barracks Reactor  
  73  8:00  Barracks  
  73  8:01  Barracks  
  71  8:10  Marine  
  72  8:19  Terran Infantry Weapons Level 1  
  72  8:20  Terran Infantry Armor Level 1  
  72  8:23  Supply Depot  
  72  8:24  Orbital Command  
  72  8:25  Supply Depot  
  72  8:26  Supply Depot  
  72  8:27  Starport Reactor  
  66  8:59  Marine x6  
  66  9:00  Marine x3  
  75  9:09  SCV x2  
  67  9:10  SCV  
  67  9:13  Supply Depot  
  61  9:21  SCV  
  61  9:22  SCV x2  
  58  9:33  SCV  
  58  9:34  SCV  
  58  9:41  Barracks Reactor  
  58  9:42  Barracks Reactor  
  58  9:57  Marine x4  
  58  9:59  Siege Tank  
  69  10:13  Viking x2  
  69  10:18  Command Center  
  69  10:22  Armory  
  69  10:26  Combat Shield  
  69  10:27  Marine x2  
  69  10:28  Marine x8  
  75  10:29  Marine  
  75  10:30  Barracks Tech Lab  
  75  10:32  Orbital Command  
  68  10:58  Marine x4  
  68  10:59  Marine x6  
  78  11:15  Refinery x2  
  78  11:17  Marine  
  78  11:18  Marine x6  
  82  11:20  Terran Infantry Weapons Level 2  
  83  11:37  Marine x4  
  86  11:49  Reaper  
  86  11:52  Marine x2  
  86  11:53  Terran Vehicle Weapons Level 1  
  75  12:21  Marine x5  
  75  12:22  Marine x2  
  58  12:29  SCV x2  
  60  12:30  SCV  
  61  12:39  Marine x2  
  61  12:40  Siege Tank  
  61  12:41  SCV  
  61  12:42  Viking, SCV x2  
  71  12:48  Refinery  
  71  12:53  SCV  
  71  12:54  SCV x2  
  71  12:58  Command Center  
  74  13:03  Command Center  
  74  13:05  SCV  
  73  13:11  Missile Turret  
  73  13:13  Missile Turret  
  73  13:14  Missile Turret  
  73  13:16  Missile Turret  
  73  13:17  Missile Turret  
  73  13:19  Missile Turret  
  71  13:36  SCV  
  71  13:38  Terran Infantry Armor Level 2  
  68  13:46  Missile Turret  
  67  13:48  SCV  
  67  13:54  Marine x2  
  67  13:55  Sensor Tower, Marine x7  
  72  14:00  SCV  
  75  14:15  Starport  
  75  14:20  Marine x7  
  75  14:21  Marine x3  
  75  14:24  Orbital Command  
  85  14:29  SCV  
  85  14:30  Barracks  
  86  14:31  SCV, Barracks  
  86  14:37  Marine  
  88  14:39  Orbital Command  
  88  14:42  SCV  
  88  14:44  SCV  
  90  14:54  SCV  
  90  14:56  SCV  
  85  15:07  Marine x2  
  85  15:08  Marine  
  77  15:17  Marine  
  77  15:18  Marine x6  
  73  15:25  Siege Tank, Marine x3  
Tags
 
Matchup
TvT
Race
Terran
Spawn Locations
Cross Positions
Add a new tag
Caveats
  • Supply blocks, unpowered buildings, or Contaminate may cause inaccurate times.
  • Supply counts are checked every 10 seconds.